 Dungeon Crawl Stone Soup version 0.31-a0-165-g3f4f80340b (webtiles) character file.

Game seed: 17871685445033394394

41 qw the Shooter (level 3, 0/32 HPs)
             Began as a Naga Hunter on June 13, 2023.
             Slain by Sigmund
             ... wielding a +0 scythe
              (4 damage)
             ... on level 2 of the Dungeon.
             The game lasted 00:00:20 (909 turns).

qw the Shooter (Naga Hunter)                         Turns: 909, Time: 00:00:21

Health: 0/32       AC:  2    Str: 13    XL:     3   Next: 52%
Magic:  3/3        EV:  9    Int:  9    God:
Gold:   36         SH:  0    Dex: 16    Spells: 2/2 levels left

rFire   . . .        Y - +1 shortbow
rCold   . . .        (shield currently unavailable)
rNeg    . . .        c - +0 leather armour
rPois   +            (no helmet)
rElec   .            (no cloak)
rCorr   .            (no gloves)
SInv    +            (no barding)
Will    .....        (no amulet)
Stlth   ++           (no ring)
HPRegen 0.25/turn    (no ring)
MPRegen 0.08/turn

%: no passive effects
@: short of breath, very slow
A: AC +1, large, see invisible, deformed body, poison resistance, slowness 2,
spit poison 1, naga tail 1
a: Spit Poison


You were on level 2 of the Dungeon.
You visited 1 branch of the dungeon, and saw 2 of its levels.

You collected 36 gold pieces.


Innate Abilities, Weirdness & Mutations

Your serpentine skin is tough. (AC +1)
You have supernaturally acute eyesight. (SInv)
Armour fits poorly on your strangely shaped body.
Your system is resistant to poisons. (rPois)
You cover ground very slowly.
You can spit poison.
You have a snake-like lower body.


   Skills:
 - Level 2.0 Fighting
 + Level 4.7 Ranged Weapons
 - Level 1.5 Dodging
 - Level 1.5 Stealth


You had 2 spell levels left.
You didn't know any spells.
Your spell library was empty.

Inventory:

Hand Weapons
 Y - a +1 shortbow (weapon)
Armour
 c - a +0 leather armour (worn)
Scrolls
 a - a scroll of identify
Potions
 e - a potion of resistance {unknown}
 h - a potion of haste {unknown}
 k - a potion of curing {unknown}

Dungeon Overview and Level Annotations

Branches:
Dungeon (2/15)

Altars:

Annotations:
D:2 Sigmund


Message History

An adder comes into view.
Found a leather armour.
You shoot an arrow. The arrow completely misses the adder.
You hear a shout!
Sigmund the Dreaded comes into view.
He is wielding a +0 scythe.
902 ||| INVOKING Spit Poison.
Aiming: Spit Poison (2% risk of failure)
Press: ? - help, Shift-Dir - straight line, f - Sigmund The splash of poison hits Sigmund.
Sigmund is poisoned.
Sigmund is lightly wounded.
You shoot an arrow. The arrow barely misses Sigmund.
Sigmund hits you from afar with a +0 scythe!
You shoot an arrow. The adder hisses angrily.
The arrow hits Sigmund.
Sigmund is lightly wounded.
Sigmund hits you from afar with a +0 scythe!
You shoot an arrow. The arrow hits Sigmund.
Sigmund is moderately wounded.
You shoot an arrow. The arrow hits Sigmund.
Sigmund is heavily wounded.
Sigmund looks more healthy.
Sigmund hits you from afar with a +0 scythe!
You shoot an arrow. The arrow hits the adder!
The adder is almost dead.
You have got your breath back.
The adder bites you.
Sigmund casts a spell.
Sigmund flickers and vanishes for a moment.
908 ||| INVOKING Spit Poison.
Aiming: Spit Poison (2% risk of failure)
Press: ? - help, Shift-Dir - straight line, f/p - adder The splash of poison hits the adder but does no damage.
The adder is poisoned.
The adder is almost dead.
The adder bites you. Sigmund barely misses you. The adder closely misses you.
You shoot an arrow. The arrow closely misses the adder.
You kill the adder!
Sigmund hits you from afar with a +0 scythe.
You die...

. .. #[ ..
###.########
#...@.....<#
.#..%@..###
#...##.#
#..$.. ....
########.###
#.. ... ...+
..#


You could see Sigmund (invisible).

Vanquished Creatures
  An adder (D:2)
  A dart slug (D:1)
  4 bats (D:1)
  4 endoplasms
  A giant cockroach (D:1)
  5 goblins (D:1)
  3 hobgoblins (D:1)
  2 kobolds (D:1)
  3 quokkas (D:1)
  6 ball pythons (D:1)
  2 frilled lizards (D:1)
  A rat (D:1)
33 creatures vanquished.

Notes
Turn   | Place    | Note
-------+----------+-------------------------------------------
     0 | D:1      | qw the Naga Hunter began the quest for the Orb.
     0 | D:1      | Reached XP level 1. HP: 19/19 MP: 1/1
     0 | D:1      | 0 ||| qw: Version: 0.2-a-29-gc1b59c4
     0 | D:1      | 0 ||| qw: Game counter: 4706
     0 | D:1      | 0 ||| qw: Always use a shield: true
     0 | D:1      | 0 ||| qw: God list: Okawaru
     0 | D:1      | 0 ||| qw: Allow faded altars: false
     0 | D:1      | 0 ||| qw: Do Orc after D:15 true
     0 | D:1      | 0 ||| qw: Do second Lair branch before Depths: true
     0 | D:1      | 0 ||| qw: Lair rune preference: random
     0 | D:1      | 0 ||| qw: Plans: Normal
     0 | D:1      | 0 ||| PLANNING D:1-11
    17 | D:1      | 17 ||| INVOKING Spit Poison.
    49 | D:1      | 49 ||| INVOKING Spit Poison.
    82 | D:1      | 82 ||| INVOKING Spit Poison.
    91 | D:1      | 91 ||| INVOKING Spit Poison.
   125 | D:1      | 125 ||| INVOKING Spit Poison.
   128 | D:1      | 128 ||| INVOKING Spit Poison.
   129 | D:1      | Reached skill level 4 in Ranged Weapons
   129 | D:1      | Reached XP level 2. HP: 8/26 MP: 2/2
   129 | D:1      | HP: 6/26 [quokka (3)]
   131 | D:1      | 131 ||| INVOKING Spit Poison.
   275 | D:1      | 275 ||| INVOKING Spit Poison.
   288 | D:1      | 288 ||| INVOKING Spit Poison.
   291 | D:1      | 291 ||| INVOKING Spit Poison.
   313 | D:1      | 313 ||| INVOKING Spit Poison.
   327 | D:1      | 327 ||| INVOKING Spit Poison.
   331 | D:1      | 331 ||| INVOKING Spit Poison.
   346 | D:1      | Reached XP level 3. HP: 32/32 MP: 3/3
   367 | D:1      | 367 ||| INVOKING Spit Poison.
   387 | D:1      | 387 ||| INVOKING Spit Poison.
   410 | D:1      | 410 ||| INVOKING Spit Poison.
   507 | D:1      | 507 ||| INVOKING Spit Poison.
   551 | D:1      | 551 ||| INVOKING Spit Poison.
   677 | D:1      | 677 ||| INVOKING Spit Poison.
   713 | D:1      | 713 ||| INVOKING Spit Poison.
   714 | D:1      | Found a faded altar of an unknown god.
   717 | D:1      | 717 ||| INVOKING Spit Poison.
   800 | D:1      | 800 ||| DROPPING scarf of harm.
   801 | D:1      | 801 ||| READING 2 scrolls labelled OPNANT POMP.
   802 | D:1      | 802 ||| READING scroll labelled OMNO RYLAIPSYU.
   806 | D:1      | 806 ||| READING scroll labelled ZUDUPLEM ITSU.
   807 | D:1      | 807 ||| READING scroll labelled VISKIO FEPSUSH.
   864 | D:1      | 864 ||| DROPPING scroll of butterflies.
   901 | D:2      | Noticed Sigmund
   902 | D:2      | 902 ||| INVOKING Spit Poison.
   906 | D:2      | HP: 7/32 [Sigmund/+0 scythe (7)]
   908 | D:2      | 908 ||| INVOKING Spit Poison.
   908 | D:2      | HP: 3/32 [adder (2)]
   909 | D:2      | Slain by Sigmund

Levels and vault maps discovered:
D:1:      dpeg_arrival_rooms_c, layout_basic,
          chequers_ecumenical_altar_simple_redux, minmay_misc_feat_hallway
D:2:      layout_basic, uniq_robin, uniq_sigmund

Skill      XL: |  1 |
---------------+----+-----
Ranged Weapons | 4 |  4.7
Fighting       | |  2.0
Dodging        | |  1.5
Stealth        | |  1.5

Action                     || total
---------------------------++-------
   Fire: Shortbow          ||    54
Ability: Spit Poison       ||    23
    Use: Scroll            ||     4
 Armour: Leather armour    ||     5
  Dodge: Dodged            ||     8

Table legend:
 A = Non-vault XP
 B = Vault XP
 C = Vault XP percentage of total XP
 D = Non-vault monster count
 E = Vault monster count
 F = Vault count percentage of total count
                 A         B        C        D         E       F
            +---------+---------+-------+---------+---------+-------
      Total |      72 |       0 |   0.0 |      33 |       0 |   0.0
            +---------+---------+-------+---------+---------+-------
        D:1 |      57 |       0 |   0.0 |      31 |       0 |   0.0
        D:2 |      15 |       0 |   0.0 |       2 |       0 |   0.0
            +---------+---------+-------+---------+---------+-------
